 Dungeon Crawl Stone Soup version 0.18.1-50-g88ac8fd (webtiles) character file.

28 Chaoticas the Grave Robber (level 2, -2/19 HPs)
             Began as a Mummy Necromancer on Dec 8, 2016.
             Slain by a gnoll
             ... wielding a +0 halberd
              (8 damage)
             ... on level 1 of the Dungeon.
             The game lasted 00:09:13 (1288 turns).

Chaoticas the Grave Robber (Mummy Necromancer)      Turns: 1288, Time: 00:09:13

Health: -2/19      AC:  2    Str: 11    XL:     2   Next: 96%
Magic:  5/5        EV: 12    Int: 14    God:
Gold:   7          SH:  0    Dex: 12    Spells: 2 memorised, 3 levels left

rFire  x . .     SeeInvis .     d - +0 dagger
rCold  + . .     Gourm    .     a - +0 robe
rNeg   + + +     Faith    .     (no shield)
rPois  ∞         Spirit   .     (no helmet)
rElec  .         Dismiss  .     (no cloak)
rCorr  .         Reflect  .     (no gloves)
SustAt .         Harm     .     (no boots)
MR     .....                    (no amulet)
Stlth  ++........               (no ring)
                                (no ring)

@: not resistant to hostile enchantments, unstealthy
A: no food or potions, fire vulnerability, cold resistance 1, negative energy
resistance 3, torment resistance, unbreathing
a: no special abilities


You were on level 1 of the Dungeon.
You were not hungry.

You visited 1 branch of the dungeon, and saw 2 of its levels.

You collected 7 gold pieces.

Inventory:

Hand Weapons
 d - a +0 dagger (weapon)
Armour
 a - a +0 robe (worn)
Scrolls
 c - 2 scrolls of identify {unknown}
 e - a scroll of enchant weapon {unknown}
 f - a scroll of remove curse {unknown}
Books
 b - a book of Necromancy

   Spells                             Type                      Level
   a - Pain                           Necromancy                   1
   b - Animate Skeleton               Necromancy                   1
   c - Vampiric Draining              Necromancy                   3
   d - Regeneration                   Charms/Necromancy            3
   e - Animate Dead                   Necromancy                   4
   f - Control Undead                 Necromancy                   4


   Skills:
 - Level 1.5 Dodging
 - Level 1.5 Stealth
 * Level 2.4 Spellcasting
 * Level 4.6 Necromancy


You had 3 spell levels left.
You knew the following spells:

 Your Spells              Type           Power        Failure   Level  Hunger
a - Pain                  Necr           ##..         3%          1    N/A
b - Animate Skeleton      Necr           N/A          3%          1    N/A

Dungeon Overview and Level Annotations

Branches:
Dungeon (2/15)

Altars:
Nemelex Xobeh


Innate Abilities, Weirdness & Mutations

You do not eat or drink.
Your flesh is vulnerable to fire.
You are immune to poison.
Your flesh is cold resistant.
You are immune to negative energy.
You are immune to unholy pain and torment.
You can survive without breathing.


Message History

Casting: Pain
Confirm with . or Enter, or press ? or * to list all spells.
Aiming: Pain
Press: ? - help, Shift-Dir - straight line, f - bat
Aim: a bat (chance to defeat MR: 92%)
The bat convulses in agony!
You kill the bat!
There is a stone staircase leading down here.
You climb downwards. 3 gnolls come into view.
The gnoll shouts! x2; You hear a shout! x2
Found a stone staircase leading down.
There is a stone staircase leading up here.
The gnoll hits you with a whip. The gnoll hits you but does no damage.
The gnoll hits you with a club!
Ouch! That really hurt!
You climb upwards.
There is a stone staircase leading down here.
The gnoll hits you with a halberd!
You die...

≈≈≈≈≈..#..###....#..####.#
≈≈≈≈≈≈.#..###..%....#.##.#
≈≈≈≈≈≈.#...##....#..#.##.#
≈≈≈≈≈≈.#.#.##....#..#.##.##
≈≈≈≈≈≈....................#
≈≈≈
##≈≈≈≈≈..#..##.........#.##
.≈# ##≈≈≈≈..##.##....#...##.#
..# #≈≈≈≈..##gg.....#...##.#
..+ #≈≈≈≈...@.g............##
..# #≈≈≈≈..####.............#
≈≈##
##≈≈≈............#...##.##
≈≈≈#
##≈≈≈≈................####
≈≈≈≈ ≈≈≈≈≈≈...###......#...#
≈≈≈≈ ≈≈≈≈≈≈...##...........#
≈≈≈≈ ≈≈≈≈≈≈≈...............#
≈≈≈≈ ≈≈≈≈≈≈≈..##......##...#
≈≈≈≈≈≈≈≈≈≈≈≈≈..##....[......#


You could see 3 gnolls.

Vanquished Creatures
  A dart slug (D:1)
  A giant gecko (D:1)
  8 bats (D:1)
  3 goblins (D:1)
  5 hobgoblins (D:1)
  A kobold (D:1)
  2 giant newts (D:1)
  A rat (D:1)
22 creatures vanquished.

Vanquished Creatures (collateral kills)
  A hobgoblin (D:1)
1 creature vanquished.

Grand Total: 23 creatures vanquished

Notes
Turn   | Place    | Note
--------------------------------------------------------------
     0 | D:1      | Chaoticas the Mummy Necromancer began the quest for the Orb.
     0 | D:1      | Reached XP level 1. HP: 13/13 MP: 3/3
     3 | D:1      | Learned a level 1 spell: Animate Skeleton
   185 | D:1      | Found a sparkling altar of Nemelex Xobeh.
   388 | D:1      | Reached XP level 2. HP: 2/19 MP: 0/5
  1288 | D:1      | Slain by a gnoll

Action                   || total
-------------------------++-------
Melee: Dagger            ||    23
       Unarmed           ||     1
 Cast: Pain              ||    28
       Animate Skeleton  ||     4
Armor: Robe              ||    11
Dodge: Dodged            ||    32
